 Dungeon Crawl Stone Soup version 0.20.0-15-g7f486f2 (webtiles) character file.

329207 Raukatau the Sorcerer (level 21, -3/191 HPs)
             Began as a Pale Draconian Air Elementalist on June 9, 2017.
             Was the Champion of Vehumet.
             Killed from afar by Jory (63 damage)
             ... with a crystal spear
             ... on level 4 of the Vaults on June 26, 2017.
             The game lasted 12:50:44 (67508 turns).

Raukatau the Sorcerer (DrAE)                       Turns: 67508, Time: 12:50:45

Health: -3/191     AC: 19    Str:  9    XL:     21   Next: 14%
Magic:  2/46       EV: 21    Int: 28    God:    Vehumet [******]
Gold:   2736       SH:  8    Dex: 13    Spells: 11/62 levels left

rFire    + . .     SeeInvis +   b - +7 short sword of Bodily Humours {drain, rElec MR+ Str-2 SInv}
rCold    . . .     Gourm    .   B - +3 buckler
rNeg     . . .     Faith    .   (armour unavailable)
rPois    .         Spirit   .   i - +1 hat
rElec    +         Reflect  .   P - +2 cloak
rCorr    .         Harm     .   J - +2 pair of gloves
MR       +++..                  S - +0 pair of boots
Stlth    +++.......             M - amulet of magic regeneration
Regen    0.5/turn               A - ring of protection from magic
MPRegen  0.5/turn               L - ring "Rihushimp" {Wiz rF+}

@: lethally poisoned (-3 -> -4)
A: breathe steam, unfitting armour, agile 1, clever 1, mutation resistance 1,
cold-blooded, AC +11
}: 1/15 runes: decaying
a: Breathe Steam, Renounce Religion


You were on level 4 of the Vaults.
You worshipped Vehumet.
Vehumet was exalted by your worship.
You were not hungry.

You visited 8 branches of the dungeon, and saw 36 of its levels.
You visited the Abyss 1 time.
You also visited: Ice Cave.

You collected 4842 gold pieces.
You spent 2106 gold pieces at shops.

Inventory:

Hand Weapons
 b - the +7 short sword of Bodily Humours (weapon) {drain, rElec MR+ Str-2 SInv}
   (You found it in an ice cave)

   A truly terrible weapon, it drains the life of those it strikes.
   It affects your strength (-2).
   It insulates you from electricity.
   It affects your resistance to hostile enchantments.
   It lets you see invisible.
Missiles
 w - 3 throwing nets (quivered)
Armour
 i - a +1 hat (worn)
 B - a +3 buckler (worn)
 J - a +2 pair of gloves (worn)
 P - a +2 cloak (worn)
 S - a +0 pair of boots (worn)
Magical Staves
 a - an uncursed staff of energy
 j - an uncursed staff of poison
Jewellery
 c - an uncursed ring of resist corrosion
 e - an uncursed ring of flight
 A - a ring of protection from magic (left hand)
 D - an uncursed ring of protection from cold
 E - a +4 ring of evasion
 K - an uncursed amulet of regeneration
 L - the ring "Rihushimp" (right hand) {Wiz rF+}
   (You bought it in a shop on level 1 of the Elven Halls)

   [ring of wizardry]

   It improves your spell success rate.
   It protects you from fire.
 M - an amulet of magic regeneration (around neck)
 N - an uncursed ring of protection from fire
 X - an uncursed ring of magical power
Wands
 k - a wand of acid (12/15)
 O - a wand of digging (4/24)
 U - a wand of clouds (3/9)
Scrolls
 f - 4 scrolls of fear
 g - 2 scrolls of recharging
 l - 6 scrolls of magic mapping
 o - 2 scrolls of amnesia
 u - 6 scrolls of enchant weapon
 v - 22 scrolls of remove curse
 y - 9 scrolls of teleportation
 F - 2 scrolls of identify
 H - 3 scrolls of enchant armour
 I - 2 scrolls of silence
 R - 8 scrolls of fog
Potions
 m - 10 potions of curing
 n - 5 potions of agility
 p - 3 potions of cancellation
 q - 4 potions of brilliance
 s - 6 potions of might
 t - 9 potions of mutation
 x - 10 potions of flight
 C - 2 potions of resistance
 Q - 6 potions of lignification
 W - 5 potions of haste
 Z - a potion of invisibility
Miscellaneous
 V - a fan of gales (inert)
 Y - 2 sacks of spiders
Comestibles
 d - 14 meat rations
 r - a chunk of flesh
 z - a royal jelly
 G - 13 bread rations
 T - 2 fruits


   Skills:
 + Level 17.0 Fighting
 - Level 2.0 Staves
 + Level 14.8 Dodging
 - Level 4.1 Stealth
 - Level 5.8 Shields
 * Level 21.0 Spellcasting
 - Level 13.1 Conjurations
 - Level 2.7 Hexes
 - Level 4.0 Necromancy
 - Level 9.0 Fire Magic
 - Level 10.0 Air Magic
 - Level 8.0 Evocations


You had 11 spell levels left.
You knew the following spells:

 Your Spells              Type           Power        Failure   Level  Hunger
a - Conjure Ball Lightni  Conj/Air       #######...   1%          6    None
b - Airstrike             Air            ######....   1%          4    None
c - Summon Lightning Spi  Summ/Air       ######..     1%          4    None
d - Mephitic Cloud        Conj/Pois/Air  ######..     1%          3    None
e - Lightning Bolt        Conj/Air       #######...   1%          5    None
f - Swiftness             Chrm/Air       ######..     1%          2    None
g - Conjure Flame         Conj/Fire      #######.     1%          3    None
h - Fireball              Conj/Fire      #######...   1%          5    None
i - Passwall              Tmut/Erth      ####......   1%          2    None
j - Orb of Destruction    Conj           #######...   1%          7    ###....
k - Throw Icicle          Conj/Ice       ######..     1%          4    None
l - Confuse               Hex            #####...     1%          3    None
m - Regeneration          Chrm/Necr      #####.....   1%          3    None


Dungeon Overview and Level Annotations

Branches:
Dungeon (15/15)            Temple (1/1) D:7            Lair (6/6) D:11
  Swamp (4/4) Lair:4        Snake (1/4) Lair:2        Slime (0/5) Lair:6
    Orc (2/2) D:9             Elf (3/3) Orc:2        Vaults (4/5) D:14
  Crypt (0/3) Vaults:3     Depths (0/5) D:15

Altars:
Ashenzari
Cheibriados
Dithmenos
Elyvilon
Fedhas
Gozag
Hepliaklqana
Kikubaaqudgha
Makhleb
Nemelex Xobeh
Okawaru
Qazlal
Ru
Sif Muna
Trog
Uskayaw
Vehumet
Xom
Zin
The Shining One
Beogh
Jiyva

Shops:
D:4 ?   D:9 ?   D:15 (   Orc:1 [   Orc:2 [*(:   Elf:1 =   Elf:3 !   Vaults:2 :(

Annotations:
Lair:1 exclusion: hydra
Swamp:3 exclusion: downstairs
Snake:1 Aizul
Elf:2 3 runed doors
Vaults:4 Jory


Innate Abilities, Weirdness & Mutations

You can breathe blasts of scalding, opaque steam.
Your pale cyan-grey scales are hard. (AC +11)
You cannot fit into any form of body armour.
You are cold-blooded and may be slowed by cold attacks.
You are agile. (Dex +2)
Your mind is acute. (Int +2)
You are somewhat resistant to further mutation.


Message History

Press: ? - help, Shift-Dir - straight line, f/p - Jory
Aim: Jory, wielding a battleaxe of venom and wearing a chain mail (almost destroyed)
The bolt of acid hits Jory.
Jory is splashed with acid.
The acid corrodes Jory!
Jory is almost destroyed.
This wand has 12 charges left.
Jory gestures at you while chanting. The crystal spear hits you!
* * * LOW HITPOINT WARNING * * *
You feel much better.
You feel sick.
Evoke which item? (* to show all) (? for menu, Esc to quit)
You reach into the bag... ...and things crawl out!
You feel sick. You block Jory's attack.
Jory hits your redback with a battleaxe of venom!!
Your redback dies!
Your redback's corpse disappears in a puff of smoke!
Jory hits your soldier ant with a battleaxe of venom!
Jory completely misses you.
Jory points at you and mumbles some strange words.
The crystal spear hits you!
You die...

...# **,,,.[#* ##...#.#...## #..#
./.# *.......* ##...(...## #..#
...# **.....## ######### #..#
...# *,,.....* #..# ...#
**,,..^** #..# ...# **,#)#* #..#
)..#######'###################..#
8........(.........)............#
.C........§§§)..@..)............#
.....[..§§§§§§V[................#
........§§§§.a......†...........#
######'############'##########..#
,**,.....,,,* #..### #..#
,,*#......,,* ##....### #..#
,,,##.....,,* #.......### #..#
,*,,##.....,* ##.........# #..#
**,,,##..p.#* #..........# #.)#


You could see Jory and a friendly soldier ant.

Vanquished Creatures
  Sojobo (Vaults:2)
  the Lernaean hydra (Swamp:4)
  Bai Suzhen (Vaults:4)
  Xtahua (Vaults:4)
  A lich (Abyss:1)
  Rupert (Orc:2)
  2 deep elf master archers (Elf:3)
  A sphinx (Vaults:3)
  2 deep elf blademasters (Elf:2)
  Frances (Orc:2)
  Donald (Orc:2)
  4 thorn hunters
  2 tengu reavers (Vaults:2)
  Kirke (D:15)
  3 fire giants
  2 frost giants
  Roxanne (Swamp:4)
  6 vault wardens
  2 deep elf sorcerers
  A caustic shrike zombie (D:15)
  An orc warlord (Orc:1)
  2 stone giants (Vaults:3)
  3 deep elf elementalists (Elf:3)
  10 ironheart preservers
  A war gargoyle (Vaults:4)
  The ghost of loom the Arsonist, a journeyman DrFE of Vehumet (Lair:6)
  A vampire knight (Vaults:3)
  4 very ugly things
  6 deep elf demonologists
  8 deep elf annihilators
  Azrael (D:15)
  9 deep elf death magi
  4 deep elf high priests
  6 yaktaur captains
  An ettin (Vaults:4)
  3 fire dragons
  5 great orbs of eyes
  2 ice dragons
  5 vault guards
  22 hydras
  4 catoblepae
  9 centaur warriors
  Erica (D:10)
  2 ghost crabs
  19 alligators
  A death knight (Vaults:4)
  16 ogre magi
  49 two-headed ogres
  9 death yaks
  A tengu warrior (D:14)
  A vampire mage (D:15)
  6 orc high priests
  17 dancing weapons
  Sonja (Lair:2)
  24 deep elf knights
  2 skeletal warriors
  4 shadow wraiths
  3 spriggan druids
  2 wizards (Vaults:2)
  3 unseen horrors
  A glowing orange brain (shapeshifter) (Vaults:4)
  13 swamp dragons
  14 ironbrand convokers
  Pikel (D:8)
  2 shambling mangroves
  A ball lightning (Vaults:2)
  3 necromancers
  A wolf spider zombie (D:12)
  An orb spider (shapeshifter) (Vaults:1)
  14 deep elf archers
  6 orc sorcerers
  3 harpies (Vaults:3)
  18 ugly things
  2 wolf spiders
  A mana viper (Lair:2)
  13 orc knights
  An oklob plant (Lair:5)
  67 deep elf magi
  4 cyclopes
  3 manticores
  A black mamba (shapeshifter) (Elf:1)
  Maurice (Orc:1)
  A fire giant skeleton (Vaults:2)
  A worldbinder (Abyss:1)
  An ice statue (IceCv)
  3 black mambas
  A torpor snail (Lair:6)
  13 vault sentinels
  3 centaur skeletons
  2 rime drakes
  15 spiny frogs
  8 freezing wraiths
  4 kobold demonologists
  6 komodo dragons
  26 yaktaurs
  A spriggan zombie (D:15)
  10 trolls
  2 ice devils (D:13)
  2 jumping spiders (shapeshifter) (Vaults:4)
  A spriggan skeleton (D:15)
  16 polar bears
  A guardian mummy (D:15)
  7 tyrant leeches
  18 hornets
  A blink frog (shapeshifter) (Vaults:4)
  3 dream sheep (Lair:6)
  Grinder (D:4)
  28 blink frogs
  5 hippogriffs
  4 bog bodies
  A raiju (shapeshifter) (Vaults:4)
  36 slime creatures
  2 air elementals (Elf:1)
  A stone giant simulacrum (Vaults:1)
  A tarantella (shapeshifter) (D:14)
  11 spriggans
  3 shadows
  A centaur simulacrum (D:15)
  A vampire (Swamp:2)
  7 water elementals
  9 wyverns
  50 yaks
  9 wraiths
  3 hogs (D:15)
  A basilisk (shapeshifter) (Vaults:2)
  A ynoxinul (Abyss:1)
  13 vampire mosquitoes
  7 basilisks
  7 fire elementals
  3 human simulacra
  Edmund (D:4)
  5 wargs
  10 insubstantial wisps
  16 water moccasins
  4 acid dragons
  2 hell hounds (D:15)
  19 swamp worms
  9 porcupines
  15 swamp drakes
  The ghost of Astipaleos the Sneak, an amateur SpEn of Dithmenos (D:3)
  3 ice beasts
  42 orc warriors
  6 sky beasts
  2 phantoms
  2 black bears
  A necrophage (D:10)
  5 boggarts (Vaults:3)
  45 ogres
  36 wolves
  An eye of draining (shapeshifter) (Vaults:1)
  A hornet zombie (D:12)
  21 centaurs
  2 small abominations (Abyss:1)
  13 crocodiles
  6 big kobolds
  14 bullfrogs
  A wyvern zombie (D:14)
  4 earth elementals
  A yaktaur skeleton (D:15)
  2 human skeletons (Vaults:2)
  2 scorpions (D:13)
  An elf simulacrum (Vaults:2)
  3 wights (D:11)
  6 killer bees
  An orc simulacrum (Vaults:1)
  11 electric eels
  A howler monkey (D:7)
  4 crimson imps
  A bullfrog zombie (D:5)
  2 centaur zombies
  4 jellies
  A quasit (D:5)
  A gnoll shaman (D:6)
  6 hounds
  33 orc priests
  An iron imp (Abyss:1)
  24 orc wizards
  3 bullfrog skeletons
  6 iguanas
  17 worker ants
  Terence (D:2)
  A killer bee zombie (D:10)
  A howler monkey zombie (D:9)
  3 worker ant zombies
  A howler monkey skeleton (D:8)
  20 adders
  4 gnolls (D:7)
  4 shadow imps
  3 oozes
  2 adder skeletons
  3 worms
  3 dart slugs
  11 leopard geckos
  132 orcs
  5 ball pythons
  A giant cockroach (shapeshifter) (D:14)
  4 giant cockroaches
  3 goblins
  5 hobgoblins
  7 jackals
  3 quokkas
  8 bats
  6 frilled lizards
  A goblin skeleton (D:5)
  A goblin zombie (D:5)
  3 hobgoblin zombies (D:5)
  A jackal skeleton (D:5)
  A jackal zombie (D:9)
  20 kobolds
  A kobold skeleton (D:5)
  A kobold zombie (D:5)
  A leopard gecko skeleton (D:9)
  3 orc skeletons (D:5)
  2 orc zombies (D:5)
  6 rats
  2 crawling corpses (Elf:2)
  A fungus (Elf:3)
1519 creatures vanquished.

Vanquished Creatures (collateral kills)
  Jorgrun (Vaults:3)
  A fire giant (Vaults:4)
  A frost giant (Vaults:3)
  An ironheart preserver (Vaults:4)
  A deep elf annihilator (Elf:3)
  A rakshasa (Vaults:1)
  A vault guard (Vaults:3)
  3 two-headed ogres
  A death knight (Vaults:2)
  A skeletal warrior (Vaults:3)
  3 ironbrand convokers
  A deep elf archer (Elf:1)
  2 orc knights (Vaults:3)
  A phantasmal warrior (Vaults:3)
  An orc sorcerer (Elf:1)
  3 ugly things
  6 deep elf magi
  6 vault sentinels
  3 yaktaurs
  A wraith (Vaults:4)
  A small abomination (Vaults:3)
  2 wargs
  An orc warrior (Vaults:4)
  4 ogres
  An orc wizard (Elf:1)
  A dart slug (shapeshifter) (Vaults:4)
  An orc (Elf:1)
  A fungus (Lair:2)
51 creatures vanquished.

Vanquished Creatures (others)
  117 ball lightnings
  A centaur skeleton (D:15)
  A hellion (Abyss:1)
  2 polar bears (IceCv)
  An orc warrior (Orc:2)
  3 slaves (D:8)
  An ogre (Orc:1)
  A bullfrog (D:8)
  A water moccasin skeleton (D:8)
  2 orc wizards (Orc:2)
  A small abomination (Abyss:1)
  3 orcs
  11 fungi
  19 plants
  5 withered plants (D:15)
169 creatures vanquished.

Grand Total: 1739 creatures vanquished

Notes
Turn   | Place    | Note
-------+----------+-------------------------------------------
     0 | D:1      | Raukatau the Draconian Air Elementalist began the quest for the Orb.
     0 | D:1      | Reached XP level 1. HP: 14/14 MP: 3/3
   801 | D:1      | Reached XP level 2. HP: 20/20 MP: 0/5
  1538 | D:1      | Reached XP level 3. HP: 23/26 MP: 0/7
  1841 | D:2      | Noticed Terence
  1967 | D:2      | Killed Terence
  1967 | D:2      | Reached skill level 3 in Spellcasting
  2122 | D:2      | Reached XP level 4. HP: 33/33 MP: 5/8
  3127 | D:3      | Noticed Astipaleos's ghost (amateur SpEn)
  3748 | D:3      | Reached XP level 5. HP: 38/38 MP: 6/10
  3981 | D:4      | Found a shadowy altar of Dithmenos.
  4154 | D:4      | Found Jafy's Magic Scroll Shoppe.
  4162 | D:4      | Bought a scroll of teleportation for 42 gold pieces
  4185 | D:4      | Noticed Edmund
  4538 | D:4      | Reached skill level 4 in Spellcasting
  4538 | D:4      | Reached XP level 6. HP: 33/45 MP: 4/12
  5102 | D:4      | Noticed Grinder
  5106 | D:5      | Entered Level 5 of the Dungeon
  5219 | D:5      | Found a glowing golden altar of the Shining One.
  5225 | D:5      | Found a burning altar of Makhleb.
  5538 | D:5      | Your scales start taking on a pale cyan-grey colour.
  5538 | D:5      | Reached XP level 7. HP: 50/50 MP: 7/13
  6025 | D:5      | Reached skill level 5 in Spellcasting
  6191 | D:5      | Reached skill level 1 in Fighting
  6203 | D:5      | Reached skill level 5 in Air Magic
  6476 | D:6      | Found an opulent altar of Gozag.
  6782 | D:7      | Found a glowing silver altar of Zin.
  6785 | D:7      | Found a shimmering altar of Xom.
  6785 | D:7      | Noticed a hornet
  6920 | D:6      | Reached XP level 8. HP: 37/62 MP: 11/16
  7260 | D:7      | Reached skill level 6 in Spellcasting
  7498 | D:7      | Found a staircase to the Ecumenical Temple.
  7504 | Temple   | Entered the Ecumenical Temple
  7563 | Temple   | Became a worshipper of Vehumet
  7828 | D:7      | Learned a level 4 spell: Airstrike
  8116 | D:7      | Found a blossoming altar of Fedhas.
  8116 | D:7      | Found a stormy altar of Qazlal.
  8384 | D:7      | Found a sparkling altar of Nemelex Xobeh.
  8417 | D:7      | Found a glowing golden altar of the Shining One.
  8654 | D:7      | Killed a hornet
  8955 | D:7      | Reached skill level 5 in Fighting
  8955 | D:7      | Reached XP level 9. HP: 61/74 MP: 9/19
  9689 | D:8      | Noticed Pikel
  9720 | D:8      | Killed Pikel
  9720 | D:8      | Reached skill level 7 in Spellcasting
  9768 | D:8      | Reached skill level 5 in Conjurations
  9858 | D:8      | Reached * piety under Vehumet
  9858 | D:8      | Offered knowledge of Sting by Vehumet.
 10880 | D:7      | Reached skill level 8 in Spellcasting
 10956 | D:7      | Learned a level 1 spell: Sting
 11146 | D:9      | Reached skill level 1 in Evocations
 11273 | D:8      | Reached XP level 10. HP: 73/81 MP: 12/22
 11353 | D:9      | Reached skill level 5 in Dodging
 11410 | D:9      | Reached ** piety under Vehumet
 11555 | D:9      | Found a hide-covered altar of Uskayaw.
 11691 | D:9      | Offered knowledge of Flame Tongue by Vehumet.
 11845 | D:9      | Noticed a two-headed ogre
 12059 | D:9      | Offered knowledge of Mephitic Cloud by Vehumet.
 12064 | D:9      | Learned a level 3 spell: Mephitic Cloud
 12274 | D:9      | Found a staircase to the Orcish Mines.
 12301 | D:9      | Found Peewkar's Magic Scroll Emporium.
 12334 | D:9      | Bought a scroll of blinking for 105 gold pieces
 12463 | D:10     | Entered Level 10 of the Dungeon
 12503 | D:10     | Noticed a two-headed ogre
 12843 | D:10     | Noticed Erica
 13076 | D:10     | Killed Erica
 13076 | D:10     | Reached skill level 9 in Spellcasting
 13076 | D:10     | Reached skill level 5 in Evocations
 13366 | D:10     | Killed a two-headed ogre
 13366 | D:10     | Reached *** piety under Vehumet
 13781 | D:10     | Reached XP level 11. HP: 78/85 MP: 3/24
 14059 | D:11     | Offered knowledge of Olgreb's Toxic Radiance by Vehumet.
 14162 | D:11     | Noticed a green ugly thing
 14172 | D:11     | Killed a green ugly thing
 14555 | D:11     | Found a staircase to the Lair.
 14562 | D:11     | Learned a level 5 spell: Lightning Bolt
 14909 | D:11     | Noticed a purple ugly thing
 14926 | D:11     | Killed a cyan ugly thing
 14926 | D:11     | Reached skill level 10 in Spellcasting
 15023 | D:11     | Learned a level 2 spell: Swiftness
 15213 | Lair:1   | Entered Level 1 of the Lair of Beasts
 15230 | D:11     | Reached **** piety under Vehumet
 15445 | Lair:1   | Offered knowledge of Conjure Flame by Vehumet.
 15450 | Lair:1   | Learned a level 3 spell: Conjure Flame
 15458 | Lair:1   | Noticed a five-headed hydra
 15826 | Lair:1   | Reached skill level 10 in Air Magic
 16730 | Lair:2   | Noticed Sonja
 16778 | Lair:2   | Killed Sonja
 16778 | Lair:2   | Reached XP level 12. HP: 96/96 MP: 8/26
 17077 | Lair:2   | Found a staircase to the Snake Pit.
 17652 | Lair:3   | Learned a level 5 spell: Fireball
 17731 | Lair:3   | Reached skill level 11 in Spellcasting
 17884 | Lair:3   | Reached skill level 1 in Fire Magic
 17993 | Lair:3   | Reached ***** piety under Vehumet
 17996 | Lair:3   | Offered knowledge of Irradiate by Vehumet.
 18147 | Lair:3   | Noticed a catoblepas
 18186 | Lair:3   | Killed a catoblepas
 18527 | Lair:3   | Found a sacrificial altar of Ru.
 18811 | Lair:4   | Reached skill level 5 in Fire Magic
 19720 | Lair:4   | Found a staircase to the Swamp.
 20540 | Lair:5   | Learned a level 2 spell: Passwall
 20878 | Lair:5   | Reached XP level 13. HP: 84/104 MP: 2/28
 20911 | Lair:5   | Learned a level 3 spell: Static Discharge
 21907 | Lair:6   | Entered Level 6 of the Lair of Beasts
 21934 | Lair:6   | Noticed loom's ghost (journeyman DrFE)
 21953 | Lair:6   | Killed loom's ghost
 22201 | Lair:6   | Found a viscous altar of Jiyva.
 22201 | Lair:6   | Found a staircase to the Slime Pits.
 22478 | Lair:6   | Reached skill level 12 in Spellcasting
 23738 | Lair:6   | Reached skill level 1 in Staves
 23754 | Lair:6   | Upgraded the game from 0.20.0-14-g326068f to 0.20.0-15-g7f486f2
 24607 | D:12     | Offered knowledge of Throw Icicle by Vehumet.
 24613 | D:12     | Learned a level 4 spell: Throw Icicle
 25119 | D:12     | Reached skill level 13 in Spellcasting
 25155 | D:12     | Reached XP level 14. HP: 103/117 MP: 14/31
 25671 | D:12     | Reached skill level 1 in Shields
 26298 | D:13     | Found a frozen archway.
 26335 | IceCv    | Entered an ice cave
 26477 | IceCv    | Learned a level 3 spell: Confuse
 26887 | IceCv    | Reached skill level 5 in Shields
 27208 | IceCv    | Noticed a frost giant
 27273 | IceCv    | Killed a frost giant
 27282 | IceCv    | Reached skill level 10 in Fighting
 27434 | IceCv    | Got an ancient halberd
 27437 | IceCv    | Got a crystal short sword
 28548 | D:8      | Reached skill level 1 in Hexes
 28601 | D:3      | Killed Astipaleos's ghost
 28608 | D:3      | Identified the +4 halberd of the Immovable Friends {vamp, +Inv Dex+4} (You found it in an ice cave)
 28630 | D:4      | Killed Grinder
 28674 | D:4      | Bought a scroll of identify for 28 gold pieces
 28674 | D:4      | Bought a scroll of identify for 28 gold pieces
 28674 | D:4      | Bought a scroll of identify for 28 gold pieces
 28674 | D:4      | Bought a scroll of identify for 28 gold pieces
 28680 | D:4      | Killed Edmund
 28689 | D:4      | Identified the +7 short sword of Bodily Humours {drain, rElec MR+ Str-2 SInv} (You found it in an ice cave)
 29289 | D:14     | Offered knowledge of Orb of Destruction by Vehumet.
 29298 | D:14     | Learned a level 7 spell: Orb of Destruction
 29367 | D:14     | Got a warped long sword {venom}
 29395 | D:14     | Identified a scroll of acquirement
 29468 | D:14     | Found a gate to the Vaults.
 29493 | D:14     | Identified the +6 long sword of Kimurots {venom, rElec rC+ Dex+2} (You took it off a kobold on level 14 of the Dungeon)
 30676 | D:15     | Entered Level 15 of the Dungeon
 30676 | D:15     | Found a shadowy altar of Dithmenos.
 31160 | D:15     | Reached XP level 15. HP: 127/127 MP: 12/32
 31620 | D:15     | Reached skill level 14 in Spellcasting
 31713 | D:15     | Found a staircase to the Depths.
 31719 | D:15     | Reached skill level 10 in Conjurations
 31862 | D:15     | Found a shattered altar of Ashenzari.
 31892 | D:15     | Noticed Azrael
 31928 | D:15     | Killed Azrael
 32025 | D:15     | Found Pyiroz's Weapon Shoppe.
 32264 | D:15     | Noticed Kirke
 32285 | D:15     | Noticed a sphinx
 32286 | D:15     | Killed Kirke
 32608 | D:15     | Offered knowledge of Spellforged Servitor by Vehumet.
 32878 | Swamp:1  | Entered Level 1 of the Swamp
 32917 | Swamp:1  | Reached ****** piety under Vehumet
 35319 | Swamp:2  | Noticed a thorn hunter
 35323 | Swamp:2  | Killed a thorn hunter
 35999 | Swamp:2  | Noticed a thorn hunter
 36005 | Swamp:1  | Killed a thorn hunter
 36152 | Swamp:2  | Noticed a thorn hunter
 36157 | Swamp:2  | Killed a thorn hunter
 36362 | Swamp:2  | Noticed a thorn hunter
 36383 | Swamp:2  | Killed a thorn hunter
 36383 | Swamp:2  | Offered knowledge of Conjure Ball Lightning by Vehumet.
 36383 | Swamp:2  | Reached XP level 16. HP: 127/134 MP: 3/34
 38438 | Swamp:3  | Reached skill level 10 in Dodging
 38448 | Swamp:3  | Learned a level 6 spell: Conjure Ball Lightning
 38947 | Swamp:4  | Entered Level 4 of the Swamp
 39117 | Swamp:4  | Reached skill level 15 in Spellcasting
 39721 | Swamp:4  | Noticed the 27-headed Lernaean hydra
 40155 | Swamp:4  | Noticed Roxanne
 40207 | Swamp:4  | Killed the 27-headed Lernaean hydra
 40207 | Swamp:4  | Offered knowledge of Iron Shot by Vehumet.
 42132 | Swamp:4  | Got a decaying rune of Zot
 42232 | Swamp:4  | Reached XP level 17. HP: 144/144 MP: 17/36
 42333 | Swamp:4  | Reached skill level 16 in Spellcasting
 42683 | Swamp:4  | Killed Roxanne
 42773 | Swamp:1  | Offered knowledge of Bolt of Fire by Vehumet.
 42976 | Orc:1    | Entered Level 1 of the Orcish Mines
 43204 | Orc:1    | Found Axegyryg's Antique Armour Shop.
 43330 | Orc:2    | Entered Level 2 of the Orcish Mines
 43410 | Orc:2    | Noticed Rupert
 43416 | Orc:2    | Killed Rupert
 43496 | Orc:2    | Noticed Donald
 43499 | Orc:2    | Killed Donald
 43505 | Orc:2    | Noticed Maurice
 43597 | Orc:1    | Killed Maurice
 45033 | Orc:2    | Found a roughly hewn altar of Beogh.
 45076 | Orc:2    | Found a staircase to the Elven Halls.
 45285 | Orc:2    | Found Latigh's General Store.
 45286 | Orc:2    | Found Wuusay's Book Emporium.
 45287 | Orc:2    | Found Jaedub's Antique Armour Shoppe.
 45287 | Orc:2    | Found Zaiw's Antique Weapon Shoppe.
 45381 | Orc:2    | Bought a book of Callings for 360 gold pieces
 45386 | Orc:2    | Learned a level 4 spell: Summon Lightning Spire
 45923 | Elf:1    | Entered Level 1 of the Elven Halls
 46408 | Snake:1  | Entered Level 1 of the Snake Pit
 46412 | Snake:1  | Noticed Aizul
 46587 | Vaults:1 | Entered Level 1 of the Vaults
 47335 | Elf:1    | Offered knowledge of Fire Storm by Vehumet.
 47335 | Elf:1    | Offered knowledge of Tornado by Vehumet.
 47335 | Elf:1    | Offered knowledge of Ignition by Vehumet.
 47545 | Elf:1    | Noticed Frances
 47667 | Orc:2    | Killed Frances
 47838 | Elf:1    | Reached skill level 17 in Spellcasting
 48907 | Elf:1    | HP: 6/148 [deep elf archer/arrow (25)]
 49291 | Elf:1    | Found Raoph's Jewellery Emporium.
 49297 | Elf:1    | Bought an uncursed ring of protection from magic for 275 gold pieces
 49297 | Elf:1    | Bought the ring "Rihushimp" {Wiz rF+} for 484 gold pieces
 49941 | Elf:2    | Reached XP level 18. HP: 147/157 MP: 17/39
 50038 | Elf:2    | Found a runed gate.
 50038 | Elf:2    | Found a runed gate.
 50038 | Elf:2    | Found a runed gate.
 50627 | Elf:2    | Found a deep blue altar of Sif Muna.
 50817 | Elf:3    | Entered Level 3 of the Elven Halls
 51875 | Elf:3    | Found Vor Ire's Distillery.
 52737 | Elf:3    | Noticed a Hell Sentinel
 53186 | Elf:1    | Reached skill level 18 in Spellcasting
 56399 | Elf:3    | Got an uncursed fine short sword {pierce}
 56400 | Elf:3    | Identified the +7 short sword "Zigrec" {pierce, Dex+5} (You took it off a deep elf high priest on level 3 of the Elven Halls)
 56858 | Elf:3    | Got a bloodstained long sword {venom}
 56859 | Elf:3    | Identified the +5 long sword of Ointment {venom, Int+3} (You took it off a deep elf death mage on level 3 of the Elven Halls)
 57416 | Elf:3    | Learned a level 3 spell: Regeneration
 57496 | Elf:2    | Reached skill level 1 in Necromancy
 57638 | D:9      | Bought a scroll of acquirement for 728 gold pieces
 57766 | D:14     | Reached XP level 19. HP: 136/168 MP: 20/41
 57977 | D:14     | Gained mutation: Your mind is acute. (Int +2) [mutagenic meat]
 57978 | D:14     | Gained mutation: You are agile. (Dex +2) [mutagenic meat]
 57979 | D:14     | Gained mutation: You are somewhat resistant to further mutation. [mutagenic meat]
 58731 | Vaults:1 | Reached skill level 15 in Fighting
 59210 | Vaults:2 | Found Qifopoak's Book Boutique.
 59371 | Vaults:2 | Reached skill level 19 in Spellcasting
 59467 | Vaults:2 | Found a snail-covered altar of Cheibriados.
 60069 | Vaults:2 | Found Iticekh's Antique Weapon Shop.
 60473 | Vaults:2 | Noticed Sojobo
 62340 | Vaults:2 | Killed Sojobo
 62343 | Vaults:2 | Reached XP level 20. HP: 124/180 MP: 19/43
 63225 | Vaults:3 | Reached skill level 20 in Spellcasting
 63575 | Vaults:3 | Paralysed by a vampire knight for 2 turns
 63679 | Vaults:3 | Noticed Jorgrun
 63700 | Vaults:3 | Killed Jorgrun
 64066 | Vaults:3 | Found a staircase to the Crypt.
 64312 | Vaults:3 | Cast into level 1 of the Abyss (vault sentinel)
 64548 | Abyss:1  | Found a basalt altar of Yredelemnul.
 64767 | Vaults:3 | Escaped the Abyss
 66027 | Vaults:4 | Noticed Bai Suzhen
 66070 | Vaults:4 | Killed Bai Suzhen
 66855 | Vaults:4 | Reached XP level 21. HP: 161/190 MP: 27/45
 67044 | Vaults:4 | Noticed Xtahua
 67049 | Vaults:4 | Killed Xtahua
 67083 | Vaults:4 | Noticed Jory
 67087 | Vaults:4 | Reached skill level 21 in Spellcasting
 67508 | Vaults:4 | Killed from afar by Jory

Skill      XL: |  1  2  3  4  5  6  7  8  9 10 11 12 13 14 15 16 17 18 19 20 21 |
---------------+----------------------------------------------------------------+-----
Spellcasting   | 3 4 5 6 8 9 10 11 13 14 15 17 18 19 20 21 | 21.0
Conjurations   | 2 3 4 6 7 8 9 12 13 | 13.1
Stealth        | 2 3 4 |  4.1
Air Magic      | 4 5 7 8 10 | 10.0
Fighting       | 2 5 6 7 9 10 11 13 14 15 16 17 | 17.0
Dodging        | 4 5 7 9 10 12 13 14 | 14.8
Evocations     | 1 5 8 |  8.0
Fire Magic     | 8 9 |  9.0
Staves         | 2 |  2.0
Shields        | 5 |  5.8
Hexes          | 2 |  2.7
Necromancy     | 1 4 |  4.0

Action                   |  1- 3 |  4- 6 |  7- 9 | 10-12 | 13-15 | 16-18 | 19-21 || total
-------------------------+-------+-------+-------+-------+-------+-------+-------++-------
Melee: Unarmed           |     1 |     5 |    10 |       |       |       |       ||    16
       Tailslap          |       |     1 |       |     4 |    31 |    38 |    32 ||   106
       Short sword       |       |     1 |       |    10 |   118 |   156 |   211 ||   496
       Staff             |       |       |     4 |    21 |   240 |   164 |     4 ||   433
       Trident           |       |       |     4 |       |       |       |       ||     4
 Fire: Blowgun           |       |       |       |       |    16 |       |       ||    16
Throw: Stone             |    12 |     8 |       |    13 |       |       |       ||    33
 Cast: Shock             |    72 |   221 |   364 |   923 |   561 |     2 |       ||  2143
       Airstrike         |       |       |    17 |    42 |   186 |   157 |   113 ||   515
       Sting             |       |       |     7 |    57 |    43 |       |       ||   107
       Mephitic Cloud    |       |       |       |    41 |    11 |    11 |     5 ||    68
       Fireball          |       |       |       |     2 |    48 |     3 |    30 ||    83
       Lightning Bolt    |       |       |       |       |   204 |   601 |   362 ||  1167
       Throw Icicle      |       |       |       |       |    37 |    13 |     3 ||    53
       Confuse           |       |       |       |       |    11 |     1 |     3 ||    15
       Conjure Flame     |       |       |       |       |     2 |       |       ||     2
       Orb of Destructio |       |       |       |       |     1 |    94 |    33 ||   128
       Summon Lightning  |       |       |       |       |       |    44 |    48 ||    92
       Conjure Ball Ligh |       |       |       |       |       |    16 |    35 ||    51
       Swiftness         |       |       |       |       |       |     5 |       ||     5
       Passwall          |       |       |       |       |       |     1 |     1 ||     2
       Regeneration      |       |       |       |       |       |       |    15 ||    15
 Abil: Breathe Steam     |       |       |     3 |    16 |     3 |     6 |     2 ||    30
Evoke: Wand              |       |       |       |     6 |     6 |    17 |     4 ||    33
       Sack of spiders   |       |       |       |       |       |       |     2 ||     2
       Fan of gales      |       |       |       |       |       |       |     1 ||     1
  Use: Scroll            |       |    10 |    12 |     8 |    19 |    21 |    15 ||    85
       Potion            |       |       |     1 |     2 |       |     7 |    10 ||    20
 Stab: Sleeping          |       |       |       |     1 |     1 |       |       ||     2
       Confused          |       |       |       |       |     1 |       |       ||     1
       Distracted        |       |       |       |       |     1 |     1 |     2 ||     4
  Eat: Chunk             |     3 |    11 |    18 |    19 |    53 |    51 |    36 ||   191
       Fruit             |       |       |     2 |     6 |    15 |    14 |     2 ||    39
       Royal jelly       |       |       |       |     4 |     5 |     1 |     1 ||    11
       Bread ration      |       |       |       |       |       |     9 |       ||     9
Armor: Skin              |     8 |    30 |    46 |    99 |   243 |   176 |    79 ||   681
Dodge: Dodged            |    22 |    53 |   131 |   373 |   568 |   659 |   328 ||  2134
Block: Buckler           |       |       |       |       |   213 |   292 |   160 ||   665
